 Dungeon Crawl Stone Soup version 0.20-a0-959-gdc9e609 (webtiles) character file.

47 4thArraOfDagon the Skirmisher (level 3, -1/29 HPs)
             Began as a Mummy Fighter on Apr 6, 2017.
             Slain by a quokka (2 damage)
             ... on level 4 of the Dungeon.
             The game lasted 00:02:30 (759 turns).

4thArraOfDagon the Skirmisher (Mummy Fighter)        Turns: 759, Time: 00:02:31

Health: -1/29      AC: 12    Str: 19    XL:     3   Next: 48%
Magic:  3/3        EV:  3    Int:  8    God:
Gold:   59         SH:  8    Dex: 11    Spells: 2/2 levels left

rFire    x . .     SeeInvis .   a - +0 long sword
rCold    + . .     Gourm    .   c - +0 shield
rNeg     + + +     Faith    .   f - +0 plate armour
rPois    ∞         Spirit   .   (no helmet)
rElec    .         Reflect  .   (no cloak)
rCorr    +         Harm     .   (no gloves)
MR       .....                  e - +0 pair of boots
Stlth    ..........             (no amulet)
Regen    0.1/turn               d - ring of resist corrosion
MPRegen  0.1/turn               (no ring)

@: no status effects
A: no food or potions, fire vulnerability, cold resistance 1, negative energy
resistance 3, torment resistance, unbreathing
a: no special abilities


You were on level 4 of the Dungeon.
You were not hungry.

You visited 1 branch of the dungeon, and saw 4 of its levels.

You collected 59 gold pieces.

Inventory:

Hand Weapons
 a - a +0 long sword (weapon)
Armour
 b - a +0 scale mail
 c - a +0 shield (worn)
 e - a +0 pair of boots (worn)
 f - a +0 plate armour (worn)
Jewellery
 d - a ring of resist corrosion (left hand)


   Skills:
 - Level 3.0 Fighting
 * Level 2.5 Long Blades
 + Level 2.8 Armour
 - Level 1.0 Dodging
 - Level 2.4 Shields


You had 2 spell levels left.
You didn't know any spells.

Dungeon Overview and Level Annotations

Branches:
Dungeon (4/15)
 Temple: D:4-7

Altars:
Dithmenos
Sif Muna
The Shining One

Annotations:
D:1 1 runed door


Innate Abilities, Weirdness & Mutations

You do not eat or drink.
Your flesh is vulnerable to fire.
You are immune to poison.
Your flesh is cold resistant. (rC+)
You are immune to negative energy. (rN+++)
You are immune to unholy pain and torment.
You can survive without breathing.


Message History

The quokka twitches its whiskers. x2
The quokka bites you.
* * * LOW HITPOINT WARNING * * *
A quokka comes into view.
The quokka twitches its whiskers.
Found a stone staircase leading down.
Unknown command.
You hit the quokka.
You kill the quokka!
Unknown command.
Unknown command.
Unknown command.
Unknown command.
The ogre hits you but does no damage.
Unknown command.
Unknown command.
Unknown command.
The quokka bites you but does no damage.
The quokka bites you.
You die...

#...$...# #....[..#
#......$# #...(...#
#...Zg..# #..sgg..#
####O##.# ########.##.#
#+#
..$..).#.##.####@#######
.........s..ggO.r.....>.
#####..#.##..###g#......
...##..#.##..Z.Z.#......
...###.#.###.##### .#...
...###g..# #.# ## ≈≈
...O.5.%.# #+# ≈
...####..# ...# ##.#


You could see an ogre, a scorpion, 3 gnolls, a quokka and a hound skeleton.

Vanquished Creatures
  Jessica (D:2)
  A leopard gecko (D:4)
  An orc (D:3)
  A giant cockroach (D:2)
  4 hobgoblins
  3 kobolds (D:2)
  3 quokkas (D:4)
  2 bats (D:2)
  2 goblins
18 creatures vanquished.

Notes
Turn   | Place    | Note
-------+----------+-------------------------------------------
     0 | D:1      | 4thArraOfDagon the Mummy Fighter began the quest for the Orb.
     0 | D:1      | Reached XP level 1. HP: 18/18 MP: 1/1
     1 | D:1      | Found a runed door.
   414 | D:2      | Noticed Jessica
   416 | D:2      | Killed Jessica
   416 | D:2      | Reached XP level 2. HP: 24/24 MP: 2/2
   416 | D:2      | Reached XP level 3. HP: 29/29 MP: 3/3
   483 | D:2      | Found a deep blue altar of Sif Muna.
   515 | D:2      | Reached skill level 1 in Dodging
   643 | D:4      | Found a shadowy altar of Dithmenos.
   654 | D:4      | Noticed an ogre
   686 | D:4      | Found a glowing golden altar of the Shining One.
   726 | D:4      | Noticed a scorpion
   755 | D:4      | HP: 1/29 [quokka (3)]
   759 | D:4      | Slain by a quokka

Vault maps used:
D:1:      dpeg_arrival_caged_fury
D:2:      nicolae_overflow_hidden_temple, minmay_misc_feat_rows, uniq_jessica,
          uniq_robin
D:3:      nemelex_xobeh_ov_fountains_minmay, lemuel_doored_altar,
          lemuel_crystal_altar
D:4:      nicolae_dithmenos_the_darkroom, first_bread, portal_sewer_entry_f,
          minmay_ruined_shrine

Skill      XL: |  1  2  3 |
---------------+----------+-----
Long Blades    | 2 |  2.5
Dodging        | 1 |  1.0
Fighting       | |  3.0
Armour         | |  2.8
Shields        | |  2.4

Action                   || total
-------------------------++-------
Melee: Long sword        ||    58
  Use: Scroll            ||     1
Armor: Scale mail        ||    14
       Plate armour      ||    42
Dodge: Dodged            ||    14
Block: Shield            ||    30
       Rpst.: Long sword ||     4
